 Dungeon Crawl Stone Soup version 0.17-a0-1719-g1afd5a1 (webtiles) character file.

126 Kidiri the Covered (level 5, -3/33 HPs)
             Began as a Gargoyle Fighter on Aug 28, 2015.
             Slain by a gnoll
             ... wielding a +2 halberd of protection
              (9 damage)
             ... on level 3 of the Dungeon.
             The game lasted 00:07:40 (2178 turns).

Kidiri the Covered (Gargoyle Fighter)               Turns: 2178, Time: 00:07:41

Health: -3/33      AC: 13    Str: 20    XL:     5   Next: 9%
Magic:  5/5        EV:  7    Int:  9    God:
Gold:   127        SH:  9    Dex:  9    Spells: 0 memorised, 4 levels left

rFire  . . .     SeeInvis .     m - +0 mace
rCold  + . .     Clarity  .     b - +0 scale mail
rNeg   + + .     SustAt   .     c - +0 shield
rPois  ∞         Gourm    .     t - +1 helmet
rElec  +         Spirit   .     (no cloak)
rCorr  .         Warding  +     (no gloves)
rMut   .         Stasis   .     (no boots)
MR     .....                    s - amulet of warding
Stlth  ..........               (no ring)
                                a - ring of protection from cold

@: not resistant to hostile enchantments, extremely unstealthy
A: negative energy resistance 1, electricity resistance, unbreathing,
petrification resistance, rot immunity, AC +4
a: no special abilities


You were on level 3 of the Dungeon.
You were not hungry.

You visited 1 branch of the dungeon, and saw 3 of its levels.

You collected 127 gold pieces.

Inventory:

Hand weapons
 m - a +0 mace (weapon)
Missiles
 h - 125 stones (quivered)
 k - 15 sling bullets
Armour
 b - a +0 scale mail (worn)
 c - a +0 shield (worn)
 t - a +1 helmet (worn)
Jewellery
 a - a ring of protection from cold (left hand)
 s - an amulet of warding (around neck)
Magical devices
 u - a wand of slowing (25)
Scrolls
 j - a scroll of blinking {unknown}
 l - 2 scrolls of remove curse
 n - a scroll of recharging {unknown}
 q - a scroll of enchant armour {unknown}
Potions
 d - 2 potions of might
 f - 2 potions of heal wounds
 i - 2 potions of haste {unknown}
 o - a potion of curing {unknown}
 v - a potion of lignification {unknown}
Comestibles
 e - a bread ration
 g - 3 chunks of flesh
 p - a beef jerky
 r - 2 meat rations


   Skills:
 + Level 3.8 Fighting
 * Level 3.0 Maces & Flails
 + Level 1.2 Throwing
 * Level 4.1 Armour
 + Level 0.5 Dodging
 * Level 4.1 Shields


You had 4 spell levels left.
You didn't know any spells.

Dungeon Overview and Level Annotations

Branches:
Dungeon (3/15)

Altars:
Elyvilon
Gozag
Makhleb
Qazlal
Ru


Innate Abilities, Weirdness & Mutations

You are resistant to torment.
Your stone body is resilient (AC +4).
You are immune to poison.
You resist negative energy.
You are resistant to electric shocks.
You can survive without breathing.
You are immune to petrification.
You are immune to rotting.


Message History

The gnoll is lightly wounded.
You block the gnoll's attack. x2
You closely miss the gnoll.
The gnoll is lightly wounded.
The gnoll hits you with a halberd of protection.
The gnoll closely misses you.
You hit the gnoll.
The gnoll is moderately wounded.
The gnoll hits you with a halberd of protection.
You block the gnoll's attack. x2
You closely miss the gnoll.
The gnoll is moderately wounded.
The gnoll hits you with a halberd!
* * * LOW HITPOINT WARNING * * *
You block the gnoll's attack.
You hit the gnoll.
The gnoll is heavily wounded.
You block the gnoll's attack.
The gnoll hits you with a halberd of protection!
You die...

# . #. .(
#.############(#
.##..............#.
..............(..(.
.......gg.....#
#######@#####.# .#
#........##.####.#
#........##......
#..............#
#..............+
#..............#
#..............#
#..............#
#..............#


You could see 2 gnolls.

Vanquished Creatures
  Terence (D:2)
  Robin (D:2)
  A gnoll (D:3)
  2 adders (D:2)
  An ooze (D:2)
  2 worms (D:2)
  3 ball pythons
  4 bats
  4 giant cockroaches
  9 goblins
  11 hobgoblins
  6 kobolds
  A giant newt (D:2)
  2 quokkas (D:2)
  5 rats
53 creatures vanquished.

Notes
Turn   | Place    | Note
--------------------------------------------------------------
     0 | D:1      | Kidiri the Gargoyle Fighter began the quest for the Orb.
     0 | D:1      | Reached XP level 1. HP: 14/14 MP: 1/1
   295 | D:1      | Reached XP level 2. HP: 19/19 MP: 2/2
   902 | D:2      | Noticed Terence
   904 | D:2      | Reached XP level 3. HP: 23/23 MP: 3/3
  1031 | D:2      | Killed Terence
  1122 | D:2      | Reached XP level 4. HP: 24/28 MP: 4/4
  1177 | D:2      | Found an opulent altar of Gozag.
  1178 | D:2      | Found a white marble altar of Elyvilon.
  1180 | D:2      | Found a stormy altar of Qazlal.
  1182 | D:2      | Found a burning altar of Makhleb.
  1184 | D:2      | Found a sacrificial altar of Ru.
  1300 | D:2      | Reached skill level 4 in Shields
  1393 | D:2      | Noticed Robin
  1424 | D:2      | Killed Robin
  1650 | D:2      | Reached skill level 1 in Throwing
  2125 | D:3      | Reached XP level 5. HP: 33/33 MP: 5/5
  2178 | D:3      | Slain by a gnoll

Vault maps used:
D:1:      lemuel_arrival_funnel
D:2:      grunt_temple_overflow_open, uniq_terence, uniq_robin
D:3:      trog_hazing_becter

Action                   |  1- 3 |  4- 6 || total
-------------------------+-------+-------++-------
Melee: Flail             |    90 |       ||    90
       Mace              |       |    86 ||    86
Throw: Stone             |    38 |    61 ||    99
  Use: Scroll            |     3 |     1 ||     4
  Eat: Chunk             |       |     4 ||     4
